 Dungeon Crawl Stone Soup version 0.20-a0-513-g02c11fc (webtiles) character file.

933 mopl the Carver (level 8, -4/58 HPs)
             Began as a Barachian Fighter on Jan 23, 2017.
             Slain by an ogre
             ... wielding a +0 giant club
              (20 damage)
             ... on level 6 of the Dungeon.
             The game lasted 00:06:33 (4851 turns).

mopl the Carver (Barachian Fighter)                 Turns: 4851, Time: 00:06:34

Health: -4/58      AC:  9    Str: 15    XL:     8   Next: 11%
Magic:  8/8        EV:  4    Int:  7    God:
Gold:   199        SH:  8    Dex: 11    Spells: 7/7 levels left

rFire    . . .     SeeInvis .   a - +0 long sword
rCold    + . .     Gourm    .   r - +0 chain mail {rC+}
rNeg     . . .     Faith    .   c - +0 shield
rPois    .         Spirit   .   (no helmet)
rElec    .         Reflect  .   (no cloak)
rCorr    .         Harm     .   (no gloves)
MR       .....                  (no boots)
Stlth    ..........             (no amulet)
Regen    0.2/turn               (no ring)
                                (no ring)

@: slow
A: swims, slowness 1, strong legs 1
a: Hop


You were on level 6 of the Dungeon.
You were not hungry.

You visited 1 branch of the dungeon, and saw 6 of its levels.

You collected 199 gold pieces.

Inventory:

Hand Weapons
 a - a +0 long sword (weapon)
Missiles
 k - 7 silver javelins (quivered)
 u - 8 tomahawks
Armour
 c - a +0 shield (worn)
 r - a +0 chain mail of cold resistance (worn)
Magical Staves
 w - an uncursed staff of conjuration {!a}
Scrolls
 e - 3 scrolls of remove curse {unknown}
 i - a scroll of immolation {unknown}
 j - 2 scrolls of enchant armour {unknown}
 l - a scroll of fear {unknown}
 m - 2 scrolls of teleportation {unknown}
 p - 2 scrolls of blinking {unknown}
 q - 2 scrolls of amnesia {unknown}
 s - a scroll of magic mapping {unknown}
 y - a scroll of identify
Potions
 b - a potion of agility
 d - a potion of might
 g - 2 potions of heal wounds
 h - 2 potions of curing
 n - a potion of magic
 t - a potion of lignification {!q}
Comestibles
 f - 5 bread rations
 o - 2 meat rations
 v - 6 chunks of flesh
 x - 3 royal jellies


   Skills:
 + Level 3.2 Fighting
 + Level 10.1 Long Blades
 + Level 3.2 Armour
 + Level 0.0 Dodging
 - Level 3.0 Shields


You had 7 spell levels left.
You didn't know any spells.

Dungeon Overview and Level Annotations

Branches:
Dungeon (6/15)
 Temple: D:4-7

Altars:
Cheibriados
Elyvilon
Kikubaaqudgha
Yredelemnul


Innate Abilities, Weirdness & Mutations

You can swim through water.
You cover ground slowly.
You can hop short distances.


Message History

Things that are here:
an uncursed shortbow; 19 arrows
Found a stone staircase leading up.
You open the door.
Found a white marble altar of Elyvilon.
An ogre comes into view. It is wielding a giant club.
The ogre shouts!
Found a snail-covered altar of Cheibriados.
Found a long sword.
Found a stone staircase leading up.
The ogre hits you with a giant club!
Your shield and chain mail prevent you from hitting the ogre.
Your chain mail prevents you from hitting the ogre.
The ogre hits you with a giant club!!
* * * LOW HITPOINT WARNING * * *
Your shield and chain mail prevent you from hitting the ogre.
The ogre barely misses you.
You slash the ogre!
The ogre is moderately wounded.
The ogre hits you with a giant club!!
You die...

.. .... ...
.###..... ....
#.........
....####.........
.....#......... .
...#.........
....##.#.........
....._O@..........
......##.........#
...). #.........#
<... #.........##.
... #............
.. #............ .
#...<........
#............ .#
#............


You could see an ogre.

Vanquished Creatures
  The ghost of mopl the Slasher, an amateur BaFi (D:4)
  An ice beast (D:5)
  A phantom (D:3)
  2 centaurs
  A scorpion (D:4)
  An orc wizard (D:4)
  3 worker ants (D:4)
  6 gnolls
  10 adders
  2 shadow imps (D:5)
  3 worms
  2 dart slugs
  5 leopard geckos
  7 orcs (D:4)
  8 bats
  6 giant cockroaches
  3 goblins
  5 hobgoblins
  8 jackals
  A ball python (D:1)
  5 frilled lizards
  A jackal skeleton (D:4)
  9 kobolds
  9 rats
100 creatures vanquished.

Vanquished Creatures (others)
  A human (D:4)
1 creature vanquished.

Grand Total: 101 creatures vanquished

Notes
Turn   | Place    | Note
-------+----------+-------------------------------------------
     0 | D:1      | mopl the Barachian Fighter began the quest for the Orb.
     0 | D:1      | Reached XP level 1. HP: 18/18 MP: 1/1
   172 | D:1      | Reached skill level 3 in Long Blades
   172 | D:1      | Reached XP level 2. HP: 24/24 MP: 2/2
   719 | D:1      | Reached XP level 3. HP: 29/29 MP: 3/3
   868 | D:2      | Reached skill level 4 in Long Blades
  1353 | D:2      | Reached XP level 4. HP: 35/35 MP: 4/4
  1904 | D:3      | Noticed a phantom
  1951 | D:3      | Killed a phantom
  1951 | D:3      | Reached skill level 5 in Long Blades
  1951 | D:3      | Reached XP level 5. HP: 11/41 MP: 5/5
  2244 | D:3      | Reached skill level 6 in Long Blades
  2683 | D:4      | Reached XP level 6. HP: 35/47 MP: 6/6
  2761 | D:4      | Noticed mopl's ghost (amateur BaFi)
  3323 | D:4      | Reached skill level 7 in Long Blades
  3543 | D:4      | Found an ancient bone altar of Kikubaaqudgha.
  3545 | D:4      | Noticed a human
  3546 | D:4      | Killed a human
  3947 | D:4      | Killed mopl's ghost
  3947 | D:4      | Reached skill level 8 in Long Blades
  3947 | D:4      | Reached XP level 7. HP: 50/52 MP: 7/7
  4412 | D:5      | Entered Level 5 of the Dungeon
  4418 | D:5      | Reached skill level 9 in Long Blades
  4713 | D:5      | Reached XP level 8. HP: 47/58 MP: 8/8
  4754 | D:6      | Found a white marble altar of Elyvilon.
  4802 | D:6      | Found a basalt altar of Yredelemnul.
  4826 | D:6      | Reached skill level 10 in Long Blades
  4834 | D:6      | Found a white marble altar of Elyvilon.
  4844 | D:6      | Found a snail-covered altar of Cheibriados.
  4851 | D:6      | Slain by an ogre

Vault maps used:
D:1:      minmay_arrival_stair_chambers
D:3:      first_bread
D:4:      tgw_kikubaaqudgha
D:5:      minmay_misc_feat_four_crosses, uniq_edmund
D:6:      kennysheep_mini, overflow_temple_1_default,
          nicolae_overflow_crystal_walls, serial_shops, kennysheep_mini_moat,
          portal_sewer_entry_f, basic_altar, kennysheep_cross_bottleneck,
          kennysheep_diamond

Skill      XL: |  1  2  3  4  5  6  7  8 |
---------------+-------------------------+-----
Long Blades    | 3 4 5 6 8 9 10 | 10.1
Fighting       | |  3.2
Armour         | |  3.2
Shields        | |  3.0

Action                   |  1- 3 |  4- 6 |  7- 9 || total
-------------------------+-------+-------+-------++-------
Melee: Long sword        |   124 |   221 |    82 ||   427
Throw: Javelin           |       |    11 |       ||    11
 Abil: Hop               |       |     1 |       ||     1
  Use: Scroll            |       |     6 |     1 ||     7
       Potion            |       |     1 |       ||     1
  Eat: Chunk             |     2 |    10 |     3 ||    15
Armor: Scale mail        |    36 |    51 |       ||    87
       Chain mail        |       |    60 |    32 ||    92
Dodge: Dodged            |    35 |    42 |    11 ||    88
Block: Shield            |    60 |   105 |    29 ||   194
       Rpst.: Long sword |     9 |    16 |     3 ||    28
